 Dungeon Crawl Stone Soup version 0.21.1-1-g345015f (webtiles) character file.

1041 diana the Slasher (level 8, -5/70 HPs)
             Began as a Minotaur Fighter on June 6, 2018.
             Killed by nerve-wracking pain
             ... invoked by Menkaure
              (7 damage)
             ... on level 5 of the Dungeon.
             The game lasted 00:05:57 (4698 turns).

diana the Slasher (Minotaur Fighter)                Turns: 4698, Time: 00:05:58

Health: -5/70      AC:  4    Str: 25    XL:     8   Next: 4%
Magic:  7/7        EV: 10    Int:  5    God:
Gold:   215        SH: 10    Dex: 10    Spells: 7/7 levels left

rFire    . . .     SeeInvis .   a - +0 long sword
rCold    . . .     Gourm    .   c - +0 shield
rNeg     . . .     Faith    .   b - +0 scale mail
rPois    .         Spirit   .   (helmet restricted)
rElec    .         Reflect  .   (no cloak)
rCorr    .         Harm     .   (no gloves)
MR       .....                  (no boots)
Stlth    ..........             (no amulet)
HPRegen  0.21/turn              (no ring)
MPRegen  0.10/turn              (no ring)

@: no status effects
A: retaliatory headbutt, horns 2, deformed body, strong 1
a: no special abilities


You were on level 5 of the Dungeon.
You were hungry.

You visited 1 branch of the dungeon, and saw 5 of its levels.

You collected 215 gold pieces.

Inventory:

Hand Weapons
 a - a +0 long sword (weapon)
Armour
 b - a +0 scale mail (worn)
 c - a +0 shield (worn)
Jewellery
 k - an uncursed ring of magical power {unknown}
 m - a cursed ring of loudness {unknown}
 n - an uncursed ring of resist corrosion {unknown}
Scrolls
 e - 5 scrolls of amnesia {unknown}
 g - a scroll of fog {unknown}
 h - 3 scrolls of identify {unknown}
 j - 3 scrolls of teleportation {unknown}
 l - a scroll of enchant weapon {unknown}
 q - a scroll of remove curse {unknown}
 t - a scroll of magic mapping {unknown}
Potions
 d - a potion of might
 i - a potion of curing {unknown}
 o - a potion of invisibility {unknown}
 p - a potion of lignification {unknown}
 s - 2 potions of haste {unknown}
Books
 r - a Young Poisoner's Handbook

   Spells                             Type                      Level
   a - Sting                          Conjuration/Poison           1
   b - Poisonous Vapours              Poison/Air                   2
   c - Mephitic Cloud                 Conjuration/Poison/Air       3
   d - Olgreb's Toxic Radiance        Poison                       4
   e - Venom Bolt                     Conjuration/Poison           5
Comestibles
 f - 7 rations


   Skills:
 + Level 5.7 Fighting
 * Level 7.0 Long Blades
 + Level 5.8 Armour
 + Level 3.8 Dodging
 + Level 5.7 Shields


You had 7 spell levels left.
You didn't know any spells.

Dungeon Overview and Level Annotations

Branches:
Dungeon (5/15)
 Temple: D:4-7

Altars:
Cheibriados

Annotations:
D:5 Menkaure


Innate Abilities, Weirdness & Mutations

You reflexively headbutt those who attack you in melee.
You have a pair of horns on your head.
Armour fits poorly on your strangely shaped body.
Your muscles are strong. (Str +2)


Message History

Menkaure is moderately damaged.
You block Menkaure's attack. Menkaure barely misses you.
You riposte.
You barely miss Menkaure.
You headbutt Menkaure, but do no damage.
Menkaure is moderately damaged.
You hit Menkaure but do no damage.
Menkaure is moderately damaged.
Menkaure points at you and mumbles some strange words.
Pain shoots through your body!
* * * LOW HITPOINT WARNING * * *
You barely miss Menkaure.
Menkaure is moderately damaged.
Menkaure hits you!
* * * LOW HITPOINT WARNING * * *
You hit Menkaure.
Menkaure is heavily damaged.
You block Menkaure's attack.
Menkaure gestures at you while chanting.
Pain shoots through your body!
You die...

##......#
#.......#
#.......#
#......<#
#.......##
#........#
#........#
#........#
##.##.@.%#
#. #M##.#
# #. .# ..
.# ##. ##
#. #. #.


You could see Menkaure.

Vanquished Creatures
  Pikel (D:3)
  A slave (D:3)
  A scorpion (D:4)
  A howler monkey (D:4)
  4 orc priests
  2 hounds (D:4)
  An orc wizard (D:3)
  Natasha (twice) (D:2)
  An iguana (D:4)
  A worker ant (D:4)
  4 gnolls
  2 howler monkey skeletons (D:4)
  5 adders
  An ooze (D:4)
  A worm (D:4)
  A leopard gecko (D:3)
  8 orcs
  5 giant cockroaches
  11 goblins
  6 hobgoblins
  2 jackals (D:3)
  6 kobolds
  3 quokkas
  A ball python (D:4)
  10 bats
  5 frilled lizards
  2 jackal skeletons (D:4)
  A quokka skeleton (D:3)
  6 rats
95 creatures vanquished.

Vanquished Creatures (others)
  2 orc priests (D:4)
  An orc (D:4)
3 creatures vanquished.

Grand Total: 98 creatures vanquished

Notes
Turn   | Place    | Note
-------+----------+-------------------------------------------
     0 | D:1      | diana the Minotaur Fighter began the quest for the Orb.
     0 | D:1      | Reached XP level 1. HP: 19/19 MP: 0/0
    99 | D:1      | Reached skill level 3 in Long Blades
    99 | D:1      | Reached XP level 2. HP: 13/27 MP: 1/1
   311 | D:1      | Reached skill level 1 in Dodging
   535 | D:1      | Reached XP level 3. HP: 31/33 MP: 2/2
  1039 | D:2      | Reached XP level 4. HP: 33/40 MP: 3/3
  1381 | D:2      | Noticed Natasha
  1390 | D:2      | Killed Natasha
  1390 | D:2      | Reached skill level 4 in Long Blades
  1795 | D:2      | Reached XP level 5. HP: 46/46 MP: 4/4
  2009 | D:2      | Noticed Natasha
  2018 | D:2      | Killed Natasha
  2469 | D:3      | Reached XP level 6. HP: 53/53 MP: 5/5
  2574 | D:3      | HP: 1/53 [orc priest/war axe (2)]
  2575 | D:3      | Gained mutation: Armour fits poorly on your strangely shaped body. [potion of mutation]
  2575 | D:3      | Gained mutation: Your muscles are strong. (Str +2) [potion of mutation]
  2577 | D:3      | Reached skill level 5 in Long Blades
  3479 | D:4      | Found a snail-covered altar of Cheibriados.
  3485 | D:4      | Reached skill level 5 in Armour
  3487 | D:4      | Reached skill level 5 in Shields
  3490 | D:4      | Reached skill level 5 in Fighting
  3506 | D:4      | Reached XP level 7. HP: 18/61 MP: 6/6
  4163 | D:4      | Noticed Pikel
  4377 | D:3      | Killed Pikel
  4377 | D:3      | Reached skill level 7 in Long Blades
  4377 | D:3      | Reached XP level 8. HP: 41/70 MP: 7/7
  4687 | D:5      | Entered Level 5 of the Dungeon
  4687 | D:5      | Noticed Menkaure
  4697 | D:5      | HP: 2/70 [Menkaure (8)]
  4698 | D:5      | Killed from afar by Menkaure

Skill      XL: |  1  2  3  4  5  6  7 |
---------------+----------------------+-----
Long Blades    | 3 4 5 7 |  7.0
Dodging        | 1 2 3 |  3.8
Fighting       | 4 5 |  5.7
Armour         | 4 5 |  5.8
Shields        | 4 5 |  5.7

Action                   |  1- 3 |  4- 6 |  7- 9 || total
-------------------------+-------+-------+-------++-------
Melee: Long sword        |    67 |   175 |    30 ||   272
       Headbutt          |     7 |    19 |    13 ||    39
  Use: Potion            |       |     4 |       ||     4
  Eat: Chunk             |       |     8 |       ||     8
       Ration            |       |       |     1 ||     1
Armor: Scale mail        |    26 |    54 |     4 ||    84
Dodge: Dodged            |    18 |    61 |     7 ||    86
Block: Shield            |    39 |    94 |    15 ||   148
       Rpst.: Long sword |     4 |    13 |     2 ||    19
